 Dungeon Crawl Stone Soup version 0.29-a0-270-g1586fc07ea (webtiles) character file.

Game seed: 11909736328064527251

224 croobank the Sneak (level 6, -1/36 HPs)
             Began as an Octopode Fire Elementalist on Mar 7, 2022.
             Was an Initiate of Yredelemnul.
             Slain by an orc wizard
             ... wielding a +0 dagger
              (3 damage)
             ... on level 4 of the Dungeon.
             The game lasted 00:09:58 (3590 turns).

croobank the Sneak (Octopode Fire Elementalist)     Turns: 3590, Time: 00:10:01

Health: -1/36      AC:  1    Str:  7    XL:     6   Next: 0%
Magic:  4/10       EV: 13    Int: 20    God:    Yredelemnul [......]
Gold:   133        SH:  0    Dex: 12    Spells: 3/11 levels left

rFire   . . .      SeeInvis .   e - +0 short sword
rCold   . . .      Faith    .   (no shield)
rNeg    . . .      Spirit   .   (helmet restricted)
rPois   .          Reflect  .   (no amulet)
rElec   .          Harm     .   h - ring of resist corrosion
rCorr   +          Rampage  .   l - ring of willpower
Will    +....                   (no ring)
Stlth   ++++......              (no ring)
HPRegen 0.12/turn               (no ring)
MPRegen 0.12/turn               (no ring)
                                (no ring)
                                (no ring)

@: no status effects
A: almost no armour, amphibious, 8 rings, camouflage 1, gelatinous body 1,
(nimble swimmer 1), tentacles
a: Renounce Religion, Recall Undead Harvest


You were on level 4 of the Dungeon.
You worshipped Yredelemnul.
Yredelemnul was noncommittal.
You visited 1 branch of the dungeon, and saw 4 of its levels.

You collected 133 gold pieces.

Inventory:

Hand Weapons
 c - a +0 rapier
 e - a +0 short sword (weapon)
 f - a +0 mace
 p - a +0 falchion
 r - a +0 trident
Missiles
 d - 74 stones
 m - 3 javelins
Jewellery
 h - a ring of resist corrosion (left tentacle)
 l - a ring of willpower (right tentacle)
Wands
 q - a wand of charming (10)
Scrolls
 b - 2 scrolls of teleportation
 j - a scroll of immolation
 n - a scroll of enchant weapon
 o - a scroll of noise
Potions
 g - 2 potions of degeneration {unknown}
 i - a potion of heal wounds {unknown}
 k - 3 potions of brilliance {unknown}


   Skills:
 + Level 3.1 Dodging
 + Level 4.4 Stealth
 + Level 3.0 Spellcasting
 + Level 2.5 Conjurations
 + Level 3.9 Fire Magic


You had 3 spell levels left.
You knew the following spells:

 Your Spells              Type           Power      Damage    Failure   Level
a - Foxfire               Conj/Fire      64%        2x1d7     3%          1
b - Scorch                Fire           36%        2d6       4%          2
c - Flame Wave            Conj/Fire      16%        2d6       36%         4
d - Shock                 Conj/Air       32%        1d5       9%          1

Your spell library contained the following spells:

 Spells                   Type           Power      Damage    Failure   Level
 Conjure Flame            Conj/Fire      16%        6-21      11%         3
 Inner Flame              Hex/Fire       10%        N/A       19%         3
 Ignite Poison            Fire/Tmut/Pois 8%         N/A       26%         3
 Swiftness                Air            3%         N/A       38%         3
 Sticky Flame             Conj/Fire      16%        2d4       36%         4
 Airstrike                Air            1%         N/A       80%         4


Dungeon Overview and Level Annotations

Branches:
Dungeon (4/15)             Temple (0/1) D:4

Altars:
Yredelemnul


Innate Abilities, Weirdness & Mutations

You cannot wear most types of armour.
You are amphibious.
You can wear up to eight rings at the same time.
Your skin changes colour to match your surroundings (Stealth+).
Your rubbery body absorbs attacks. (AC +1, EV +1)
((You are camouflaged when in or above water. (Stealth+)))
You have tentacles for arms and can constrict up to eight enemies at once.


Message History

A wave of flame ripples out!
The flame wave engulfs your orc zombie!
You destroy your orc zombie!
The flame wave engulfs the orc!
You kill the orc!
The flame wave engulfs something.
The flame wave engulfs the gnoll zombie.
The gnoll zombie is severely damaged.
The flame wave engulfs something.
Reactivating autopickup.
You feel a bit more experienced.
The flame wave engulfs the gnoll zombie.
The gnoll zombie is severely damaged.
The flame wave engulfs the orc.
You kill the orc!
The flame wave engulfs the gnoll zombie.
The gnoll zombie is almost destroyed.
A black mist starts to gather...
Something hits you.
* * * LOW HITPOINT WARNING * * *
Deactivating autopickup; reactivate with Ctrl-A.
The gnoll zombie hits you.
* * * LOW HITPOINT WARNING * * *
The gnoll zombie hits you.
* * * LOW HITPOINT WARNING * * *
Your Spellcasting skill increases to level 3!
You have reached level 6!
Really fire at your orc zombie?
A wave of flame ripples out!
The flame wave engulfs the gnoll zombie!
You destroy the gnoll zombie!
That felt strangely unrewarding.
The flame wave engulfs your orc zombie.
Your orc zombie is severely damaged.
The flame wave engulfs something.
The flame wave engulfs the gnoll zombie!
You destroy the gnoll zombie!
That felt strangely unrewarding.
The flame wave engulfs the gnoll zombie.
The gnoll zombie is almost destroyed.
You finish channelling waves of flame.
Something hits you.
You die...
Your body rises from the dead as a mindless zombie.

# # #[#.... .# ..##.#.
#.###.. .
..####..#....##)).### ..
............#..).... ...
......#...##..>..##
#...#.#.#.#.#........#.
##...#.#.#.#...###...##.
.....)))...#.#...###.#..
......{@......##...#Z#..
......ZZ...Z...........#
#.#..............Z..#..#
#........##.#...#....#
.......................
..#..#.###.#####..######
.....#. #.#####..#
...... #....ZZ..# .# ###
##########


You could see a gnoll zombie (ally target), an orc zombie and a friendly dart
slug zombie.

Vanquished Creatures
  Jessica (D:3)
  An orc wizard (D:4)
  A scorpion zombie (D:3)
  2 gnolls (D:4)
  4 adders
  2 worms (D:2)
  3 dart slugs
  4 orcs
  5 ball pythons
  7 endoplasms
  11 giant cockroaches
  2 gnoll zombies (D:4)
  3 hobgoblins (D:2)
  3 jackals (D:4)
  4 kobolds
  2 quokkas
  2 ball python zombies
  3 bats
  3 frilled lizards
  A giant cockroach zombie (D:3)
  3 goblins
  An orc zombie (D:4)
  6 rats
74 creatures vanquished.

Vanquished Creatures (collateral kills)
  A gnoll (D:4)
1 creature vanquished.

Vanquished Creatures (others)
  2 jackal zombies (D:4)
  86 foxfires
  A plant (D:1)
  3 withered plants (D:1)
92 creatures vanquished.

Grand Total: 167 creatures vanquished

Notes
Turn   | Place    | Note
-------+----------+-------------------------------------------
     0 | D:1      | croobank the Octopode Fire Elementalist began the quest for
                  | the Orb.
     0 | D:1      | Reached XP level 1. HP: 11/11 MP: 3/3
   374 | D:1      | Found a faded altar of an unknown god.
   423 | D:1      | Reached XP level 2. HP: 17/17 MP: 1/5
   476 | D:1      | Reached skill level 3 in Stealth
   479 | D:1      | Learned a level 2 spell: Scorch
  1072 | D:2      | Identified the +3 chain mail of the Falcon {rPois Int+4
                  | Stlth+}
  1200 | D:2      | Reached XP level 3. HP: 12/21 MP: 0/6
  2319 | D:3      | Reached XP level 4. HP: 17/27 MP: 0/7
  2431 | D:3      | Learned a level 4 spell: Flame Wave
  2482 | D:3      | Noticed Jessica
  2488 | D:3      | Killed Jessica
  2721 | D:3      | Reached skill level 4 in Stealth
  2721 | D:3      | Reached XP level 5. HP: 25/31 MP: 7/9
  3015 | D:3      | Learned a level 1 spell: Shock
  3386 | D:3      | Found a basalt altar of Yredelemnul.
  3390 | D:3      | Became a worshipper of Yredelemnul the Dark
  3526 | D:4      | Found a staircase to the Ecumenical Temple.
  3531 | D:4      | Reached * piety under Yredelemnul
  3590 | D:4      | Reached XP level 6. HP: 2/36 MP: 5/10
  3590 | D:4      | Slain by an orc wizard

Illustrated notes

Levels and vault maps discovered:
D:1:      sevenhm_arrival_forest_fort_small_4, layout_basic,
          shapermc_ecumenical_altar_flowoftime
D:2:      layout_basic, st_stairs_3
D:3:      minmay_roachtagon, layout_basic, nicolae_yredelemnul_corpse_copse,
          uniq_jessica
D:4:      layout_basic, mainiacjoe_overflow_brackets,
          minmay_temple_entry_slanted, cheibrodos_sewer_entry_sluice,
          minmay_joined_circles, uniq_natasha

Skill      XL: |  1  2  3  4  5 |
---------------+----------------+-----
Stealth        | 3 4 |  4.4
Conjurations   | 2 |  2.5
Dodging        | 3 |  3.1
Spellcasting   | 3 |  3.0
Fire Magic     | |  3.9

Action                   |  1- 3 |  4- 6 || total
-------------------------+-------+-------++-------
Melee: Unarmed           |     6 |       ||     6
       Rapier            |     2 |       ||     2
       Tentacles         |    12 |    14 ||    26
       Constrict         |     9 |    15 ||    24
       Short sword       |    28 |    41 ||    69
 Cast: Foxfire           |    36 |    20 ||    56
       Scorch            |    10 |     6 ||    16
       Shock             |       |     2 ||     2
       Flame Wave        |       |     1 ||     1
  Use: Scroll            |       |     4 ||     4
       Potion            |       |     1 ||     1
 Stab: Sleeping          |     2 |       ||     2
       Distracted        |       |     1 ||     1
Armor: Skin              |     8 |     5 ||    13
Dodge: Dodged            |    10 |    37 ||    47

Table legend: (Time is in decaauts)
 A = Elapsed time spent in this place.
 B = Non-inter-level travel time spent in this place.
 C = Inter-level travel time spent in this place.
 D = Time resting spent in this place.
 E = Time spent auto-exploring this place.
 F = Levels seen in this place.
 G = Mean time per level.
                   A        B        C        D        E       F      G
               +--------+--------+--------+--------+--------+-----+--------+
         Total |   3594 |   3484 |    110 |    407 |   2463 |   4 |  898.5 |
       Dungeon |   3594 |   3484 |    110 |    407 |   2463 |   4 |  898.5 |
               +--------+--------+--------+--------+--------+-----+--------+

Top non-repeatable levels by time:
     D:2: 1224 daAuts
     D:3: 1186 daAuts
     D:1: 1061 daAuts
     D:4: 122 daAuts
